[Event "42nd Olympiad Baku 2016 Women"]
[Site "Baku"]
[Date "2016.09.03"]
[Round "2.10"]
[White "Ovezdurdiyeva, Jemal"]
[Black "Levushkina, Elena"]
[Result "1/2-1/2"]
[ECO "E42"]
[WhiteElo "2031"]
[BlackElo "2342"]
[Annotator ""]
[PlyCount "86"]
[EventDate "2016.??.??"]
[EventCountry "AZE"]
[SourceTitle "playchess.com"]
[Source "ChessBase"]
[WhiteTeam "Turkmenistan"]
[BlackTeam "Germany"]
[WhiteTeamCountry "TKM"]
[BlackTeamCountry "GER"]
[TimeControl "40/5400+30:1800+30"]

1. d4 {(00:00)} Nf6 {(00:00)} 2. c4 {(00:00)} e6 {(
00:00)} 3. Nc3 {(00:00)} Bb4 {(00:00)} 4. e3 {(00:00)} c5
{(00:22)} 5. Nge2 {(00:04)} cxd4 {(01:16)} 6. exd4 {
(00:08)} O-O {(00:22)} 7. a3 {(00:50)} Be7 {(00:20]
} 8. Nf4 {(01:11)} d5 {(01:07)} 9. cxd5 {(02:03)} Nxd5 {
(00:24)} 10. Ncxd5 {(02:56)} exd5 {(00:05)} 11. Bd3 {
(01:58)} Bf6 {(19:01)} 12. O-O {(13:44)} Nc6 {(08:
03)} 13. Be3 {(14:46)} g6 {(02:38)} 14. Qf3 {(09:51)} Bxd4
{(16:22)} 15. Bxd4 {(08:11)} Nxd4 {(00:05)} 16. Qxd5 {
(00:50)} Ne6 {(12:00)} 17. Qxd8 {(03:11)} Rxd8 {(
00:41)} 18. Nxe6 {(00:24)} Bxe6 {(03:53)} 19. Be4 {(01:48]
} Rd4 {(06:58)} 20. Bf3 {(06:16)} Bb3 {(06:12)} 21. Rfc1 {
(04:55)} Rad8 {(03:18)} 22. Rc3 {(06:24)} Be6 {(05:
08)} 23. h3 {(03:44)} b6 {(03:19)} 24. Rac1 {(02:31)} a5 {
(03:27)} 25. Rc6 {(03:08)} R8d6 {(02:42)} 26. Rxd6 {
(05:28)} Rxd6 {(00:01)} 27. Rd1 {(01:22)} Rxd1+ {(
00:04)} 28. Bxd1 {(00:06)} Kg7 {(02:14)} 29. f4 {(00:49)}
Kf6 {(01:36)} 30. Kf2 {(00:14)} Bd5 {(01:09)} 31. Bf3 {
(03:47)} Ke6 {(00:21)} 32. Bg4+ {(03:48)} Kd6 {(00:
28)} 33. g3 {(01:03)} Kc5 {(01:21)} 34. Ke3 {(00:40)} Kc4
{(00:43)} 35. Bd1 {(00:36)} h6 {(00:43)} 36. Bc2 {(
00:32)} Bg2 {(00:49)} 37. h4 {(00:38)} Bh3 {(00:20)} 38.
Bd1 {(00:20)} Bd7 {(00:39)} 39. g4 {(00:34)} b5 {(
00:41)} 40. Ke4 {(00:00)} f5+ {(00:00)} 41. gxf5 {(03:22)}
Bxf5+ {(05:29)} 42. Ke3 {(04:48)} b4 {(18:31)} 43. axb4 {
(03:41)} axb4 {(00:36] Kd4+ Kxd4} 1/2-1/2

[Event "42nd Olympiad Baku 2016 Women"]
[Site "Baku"]
[Date "2016.09.03"]
[Round "2.9"]
[White "Paehtz, Elisabeth"]
[Black "Geldiyeva, Mahri"]
[Result "1-0"]
[ECO "B34"]
[WhiteElo "2474"]
[BlackElo "2285"]
[Annotator ""]
[PlyCount "61"]
[EventDate "2016.??.??"]
[EventCountry "AZE"]
[SourceTitle "playchess.com"]
[Source "ChessBase"]
[WhiteTeam "Germany"]
[BlackTeam "Turkmenistan"]
[WhiteTeamCountry "GER"]
[BlackTeamCountry "TKM"]
[TimeControl "40/5400+30:1800+30"]

1. e4 {(00:00)} c5 {(00:18)} 2. Nf3 {(00:00)} Nc6 {
(00:20)} 3. Nc3 {(00:00)} g6 {(01:57)} 4. d4 {(00:
00)} cxd4 {(00:15)} 5. Nxd4 {(00:00)} Bg7 {(00:07)} 6. Be3
{(00:03)} d6 {(03:24)} 7. Qd2 {(00:16)} Nf6 {(00:
13)} 8. f3 {(00:05)} a6 {(03:49)} 9. O-O-O {(02:50)} Bd7 {
(04:54)} 10. Kb1 {(02:43)} b5 {(06:26)} 11. Nd5 {(
09:59)} Rc8 {(12:56)} 12. Nxc6 {(06:11)} Bxc6 {(04:40)}
13. Bh6 {(01:47)} Nh5 {(06:24)} 14. g4 {(14:11)} Bxh6 {
(02:51)} 15. Qxh6 {(00:07)} Bxd5 {(00:07)} 16. gxh5 {
(01:47)} Be6 {(05:05)} 17. hxg6 {(07:25)} fxg6 {(
03:47)} 18. Bd3 {(02:46)} Qa5 {(03:14)} 19. b3 {(00:57)}
Qc3 {(02:07)} 20. Rhe1 {(03:45)} Bc4 {(13:30)} 21. Re2 {
(03:16)} a5 {(08:23)} 22. e5 {(01:17)} a4 {(05:34)}
23. exd6 {(10:05)} a3 {(06:53)} 24. d7+ {(06:04)} Kxd7 {
(00:03)} 25. Bxc4+ {(00:06)} Kc7 {(00:22)} 26. Rxe7+ {
(04:56)} Kb6 {(00:04)} 27. Re6+ {(02:09)} Ka5 {(02:
41)} 28. Qc1 {(00:54)} Rxc4 {(00:09)} 29. Qxa3+ {(00:09)}
Ra4 {(00:27)} 30. Qxa4+ {(01:55)} bxa4 {(01:25)} 31. Rd5+
{(00:04)} 1-0

[Event "42nd Olympiad Baku 2016 Women"]
[Site "Baku"]
[Date "2016.09.03"]
[Round "2.27"]
[White "Park, Sunwoo"]
[Black "Yearwood, Shannon"]
[Result "1-0"]
[ECO "C65"]
[WhiteElo "1626"]
[BlackElo "1662"]
[Annotator ""]
[PlyCount "91"]
[EventDate "2016.??.??"]
[EventCountry "AZE"]
[SourceTitle "playchess.com"]
[Source "ChessBase"]
[WhiteTeam "Korea"]
[BlackTeam "TTO"]
[WhiteTeamCountry "KOR"]
[TimeControl "40/5400+30:1800+30"]

1. e4 {(00:00)} e5 {(00:00)} 2. Nf3 {(00:00)} Nc6 {
(00:00)} 3. Bb5 {(00:00)} Bc5 {(00:00)} 4. c3 {(00:
02)} Nf6 {(00:05)} 5. d4 {(00:27)} Bb6 {(00:16)} 6. O-O {
(08:38)} O-O {(04:02)} 7. d5 {(05:14)} Ne7 {(12:02]
} 8. Bd3 {(03:13)} d6 {(02:22)} 9. c4 {(03:12)} Ng6 {
(05:53)} 10. h3 {(05:04)} Re8 {(01:56)} 11. Nc3 {(
02:20)} c6 {(04:22)} 12. Ne2 {(11:59)} Nh5 {(10:48)} 13.
Be3 {(12:22)} Bxe3 {(15:58)} 14. fxe3 {(00:42)} Qb6 {
(00:39)} 15. Qd2 {(06:49)} Ngf4 {(01:32)} 16. Nxf4 {
(02:02)} exf4 {(02:19)} 17. Nd4 {(04:38)} Ng3 {(05:
25)} 18. Rxf4 {(03:57)} g5 {(16:30)} 19. Rf3 {(01:44)}
Nxe4 {(00:33)} 20. Bxe4 {(00:10)} Rxe4 {(00:06)} 21. Raf1
{(01:05)} Re7 {(01:31)} 22. Qf2 {(06:08)} Qc7 {(01:
28)} 23. Ne6 {(02:30)} Bxe6 {(01:23)} 24. dxe6 {(00:12)}
Rxe6 {(04:20)} 25. Rxf7 {(00:12)} Qc8 {(00:11)} 26. Qg3 {
(06:02)} h6 {(01:45)} 27. h4 {(02:17)} Rg6 {(01:40]
} 28. R7f6 {(02:04)} Qe8 {(01:43)} 29. Qxd6 {(01:28)}
Qxe3+ {(00:43)} 30. Kh2 {(01:46)} Rxf6 {(00:15)} 31. Rxf6
{(00:22)} gxh4 {(01:55)} 32. Rg6+ {(02:55)} Kh7 {(
00:16)} 33. Qf6 {(00:37)} Qg3+ {(03:07)} 34. Rxg3 {(00:11]
} hxg3+ {(00:03)} 35. Kxg3 {(00:09)} Rg8+ {(00:08)} 36.
Kh3 {(00:32)} Rg7 {(00:35)} 37. g4 {(02:10)} a6 {(
00:52)} 38. Kh4 {(00:16)} a5 {(01:11)} 39. Qf5+ {(02:04)}
Kh8 {(00:54)} 40. Qxa5 {(00:00)} Kg8 {(00:00)} 41. Qf5 {
(00:46)} Kh8 {(05:07)} 42. Kh5 {(00:36)} Kg8 {(00:
38)} 43. Kxh6 {(00:26)} Rf7 {(01:14)} 44. Qe6 {(01:03)}
Kf8 {(00:22)} 45. g5 {(00:25)} Re7 {(00:42)} 46. Qxe7+ {
(00:15)} 1-0

[Event "42nd Olympiad Baku 2016 Women"]
[Site "Baku"]
[Date "2016.09.03"]
[Round "2.8"]
[White "Partac, Elena"]
[Black "Gaponenko, Inna"]
[Result "0-1"]
[ECO "B26"]
[WhiteElo "2086"]
[BlackElo "2416"]
[Annotator ""]
[PlyCount "104"]
[EventDate "2016.??.??"]
[EventCountry "AZE"]
[SourceTitle "playchess.com"]
[Source "ChessBase"]
[WhiteTeam "Moldova"]
[BlackTeam "Ukraine"]
[WhiteTeamCountry "MDA"]
[BlackTeamCountry "UKR"]
[TimeControl "40/5400+30:1800+30"]

1. e4 {(00:00)} c5 {(00:00)} 2. Nc3 {(00:00)} Nc6 {
(00:00)} 3. g3 {(00:03)} g6 {(00:16)} 4. Bg2 {(00:
03)} Bg7 {(00:17)} 5. d3 {(00:12)} d6 {(00:15)} 6. Nge2 {
(00:31)} e5 {(00:34)} 7. O-O {(05:03)} Nge7 {(01:
36)} 8. f4 {(03:48)} O-O {(03:46)} 9. h3 {(05:43)} Kh8 {
(34:50)} 10. Be3 {(17:44)} Nd4 {(01:51)} 11. Qd2 {(
03:07)} Be6 {(04:00)} 12. Kh2 {(17:21)} Qd7 {(04:44)} 13.
Ng1 {(13:39)} Rac8 {(09:38)} 14. Nd1 {(14:58)} b6 {
(07:12)} 15. c3 {(02:47)} Ndc6 {(00:09)} 16. Nf3 {(
03:36)} f5 {(01:30)} 17. Nf2 {(08:31)} d5 {(06:10)} 18.
Nxe5 {(00:47)} Nxe5 {(02:49)} 19. fxe5 {(00:02)} dxe4 {
(00:14)} 20. dxe4 {(01:10)} Qxd2 {(00:34)} 21. Bxd2 {
(00:01)} Bxe5 {(00:30)} 22. Bg5 {(01:10)} Nc6 {(02:
51)} 23. exf5 {(00:35)} Bxf5 {(01:36)} 24. Bxc6 {(00:32)}
Rxc6 {(00:07)} 25. Ng4 {(00:12)} Bg7 {(02:22)} 26. Nh6 {
(00:05)} Re6 {(08:42)} 27. Nxf5 {(00:38)} Re2+ {(
01:49)} 28. Kg1 {(00:03)} Rxf5 {(00:05)} 29. Rxf5 {(01:35]
} gxf5 {(00:04)} 30. Rd1 {(00:25)} Be5 {(00:54)} 31. Rd2 {
(00:36)} Rxd2 {(00:24)} 32. Bxd2 {(00:01)} Bxg3 {(
00:05)} 33. Kg2 {(00:10)} Be5 {(01:33)} 34. Kf3 {(00:50)}
Kg7 {(00:19)} 35. Bc1 {(00:36)} c4 {(01:50)} 36. Be3 {
(00:46)} Kf6 {(01:26)} 37. Bf2 {(00:37)} Ke6 {(00:
48)} 38. Be3 {(00:29)} Bc7 {(00:49)} 39. Bd4 {(00:19)} a6
{(00:18)} 40. a4 {(00:00)} b5 {(00:00)} 41. axb5 {(
00:46)} axb5 {(00:27)} 42. Be3 {(02:05)} Bd6 {(14:05)} 43.
Bd2 {(07:41)} Be7 {(00:49)} 44. Kg3 {(03:34)} Bf8 {
(00:17)} 45. Kf3 {(00:29)} Kd5 {(00:23)} 46. Be3 {(
06:08)} b4 {(01:01)} 47. cxb4 {(12:32)} Bxb4 {(00:07)} 48.
Bc1 {(01:02)} Bd6 {(04:18)} 49. Ke3 {(00:53)} Be5 {
(00:13)} 50. Kf3 {(00:29)} Bg7 {(00:05)} 51. Ke2 {(
00:35)} Ke4 {(00:12)} 52. Kf2 {(00:20)} Bd4+ {(01:49)} 0-1

[Event "42nd Olympiad Baku 2016 Women"]
[Site "Baku"]
[Date "2016.09.03"]
[Round "2.14"]
[White "Perez, Dalila"]
[Black "Bekheet, Suhailah"]
[Result "1-0"]
[ECO "D37"]
[WhiteElo "1860"]
[BlackElo "1059"]
[Annotator ""]
[PlyCount "63"]
[EventDate "2016.??.??"]
[EventCountry "AZE"]
[SourceTitle "playchess.com"]
[Source "ChessBase"]
[WhiteTeam "Paraguay"]
[BlackTeam "Kuwait"]
[WhiteTeamCountry "PAR"]
[BlackTeamCountry "KUW"]
[TimeControl "40/5400+30:1800+30"]

1. d4 {(00:00)} d5 {(00:00)} 2. c4 {(00:00)} Nf6 {(
00:45)} 3. Nc3 {(00:13)} e6 {(01:01)} 4. Nf3 {(00:36)} h6
{(00:52)} 5. e3 {(01:28)} Bb4 {(03:15)} 6. Bd3 {(
03:10)} Bd7 {(04:00)} 7. Qb3 {(04:50)} Nc6 {(02:58)} 8.
O-O {(02:05)} Qe7 {(02:45)} 9. cxd5 {(13:56)} Na5 {
(04:57)} 10. Qc2 {(00:11)} exd5 {(02:13)} 11. e4 {(
28:20)} Bc6 {(05:30)} 12. exd5 {(04:10)} Nxd5 {(03:38)}
13. Re1 {(01:45)} O-O-O {(01:53)} 14. Rxe7 {(01:28)} Nxe7
{(04:13)} 15. Nb5 {(05:54)} Rhe8 {(03:56)} 16. Nxa7+ {
(04:13)} Kb8 {(01:03)} 17. Nxc6+ {(00:15)} Nexc6 {(
00:20)} 18. Be3 {(00:27)} Rxe3 {(00:59)} 19. fxe3 {(00:18]
} g6 {(00:25)} 20. a3 {(00:28)} Be7 {(00:20)} 21. b4 {
(00:28)} f5 {(01:42)} 22. Rc1 {(01:28)} h5 {(02:17]
} 23. Ne5 {(01:02)} Nxe5 {(02:23)} 24. Qxc7+ {(00:17)} Ka7
{(01:08)} 25. Qxa5+ {(00:18)} Kb8 {(00:20)} 26. Qxe5+ {
(01:04)} Bd6 {(00:37)} 27. Qf6 {(00:25)} Bc7 {(00:
36)} 28. Qxg6 {(02:48)} h4 {(00:16)} 29. Bxf5 {(00:19)} b5
{(00:10)} 30. Qc6 {(00:34)} h3 {(00:22)} 31. Qxc7+ {
(00:09)} Ka8 {(00:17)} 32. Be4+ {(00:04)} 1-0

[Event "42nd Olympiad Baku 2016 Women"]
[Site "Baku"]
[Date "2016.09.03"]
[Round "2.6"]
[White "Petrenko, Svetlana"]
[Black "Zhukova, Natalia"]
[Result "0-1"]
[ECO "A46"]
[WhiteElo "2176"]
[BlackElo "2475"]
[Annotator ""]
[PlyCount "50"]
[EventDate "2016.??.??"]
[EventCountry "AZE"]
[SourceTitle "playchess.com"]
[Source "ChessBase"]
[WhiteTeam "Moldova"]
[BlackTeam "Ukraine"]
[WhiteTeamCountry "MDA"]
[BlackTeamCountry "UKR"]
[TimeControl "40/5400+30:1800+30"]

1. d4 {(00:00)} Nf6 {(00:24)} 2. Nf3 {(00:00)} c5 {
(04:27)} 3. c3 {(02:51)} d5 {(01:47)} 4. dxc5 {(02:
35)} e6 {(05:29)} 5. b4 {(04:05)} a5 {(00:12)} 6. e3 {
(03:39)} b6 {(09:50)} 7. cxb6 {(27:18)} axb4 {(01:
19)} 8. Qd4 {(02:50)} Nfd7 {(18:25)} 9. Bb5 {(04:59)} Ra5
{(05:55)} 10. a4 {(05:59)} bxa3 {(00:43)} 11. Nxa3 {
(01:00)} Ba6 {(05:13)} 12. Ba4 {(08:26)} Be7 {(05:
19)} 13. Ne5 {(12:25)} Bf6 {(09:31)} 14. f4 {(01:25)} O-O
{(05:05)} 15. Qb4 {(06:01)} Rxa4 {(07:10)} 16. Qxa4 {
(00:03)} Bxe5 {(00:15)} 17. fxe5 {(00:07)} Nc5 {(
00:13)} 18. Qc2 {(01:45)} Nd3+ {(00:26)} 19. Kd1 {(00:54)}
Qh4 {(00:19)} 20. g3 {(09:59)} Qg4+ {(01:04)} 21. Kd2 {
(00:11)} Qf3 {(11:03)} 22. c4 {(00:10)} dxc4 {(03:
52)} 23. Nxc4 {(02:22)} Rd8 {(00:32)} 24. Nd6 {(01:15)}
Qxh1 {(02:06)} 25. Rxa6 {(00:28)} Nxe5 {(00:25)} 0-1

[Event "42nd Olympiad Baku 2016 Women"]
[Site "Baku"]
[Date "2016.09.03"]
[Round "2.4"]
[White "Phitchayarom, Ruja"]
[Black "Fernandez Alacha, Mirna Graciela"]
[Result "1/2-1/2"]
[ECO "A48"]
[WhiteElo "1584"]
[BlackElo "1528"]
[Annotator ""]
[PlyCount "69"]
[EventDate "2016.??.??"]
[EventCountry "AZE"]
[SourceTitle "playchess.com"]
[Source "ChessBase"]
[WhiteTeam "Thailand"]
[BlackTeam "Honduras"]
[WhiteTeamCountry "THA"]
[BlackTeamCountry "HON"]
[TimeControl "40/5400+30:1800+30"]

1. d4 {(00:00)} Nf6 {(00:00)} 2. Nf3 {(00:00)} g6 {
(00:23)} 3. Bf4 {(00:06)} Bg7 {(00:40)} 4. c3 {(00:
24)} d5 {(00:40)} 5. h3 {(00:16)} O-O {(00:40)} 6. e3 {
(00:58)} c6 {(02:33)} 7. Be2 {(00:15)} Bf5 {(03:42]
} 8. O-O {(01:01)} Nbd7 {(08:27)} 9. Nbd2 {(01:35)} Nb6 {
(04:38)} 10. b3 {(06:52)} Ne4 {(04:00)} 11. Nxe4 {(
01:13)} Bxe4 {(01:06)} 12. Rc1 {(01:41)} Bxf3 {(00:41)}
13. Bxf3 {(00:14)} Rc8 {(02:25)} 14. c4 {(01:55)} e6 {
(01:32)} 15. Qd2 {(04:01)} dxc4 {(04:29)} 16. bxc4 {
(00:18)} e5 {(00:47)} 17. Bg3 {(05:57)} exd4 {(02:
55)} 18. exd4 {(04:10)} Qxd4 {(01:39)} 19. Qxd4 {(06:13)}
Bxd4 {(00:12)} 20. Rfd1 {(02:17)} Bc5 {(19:17)} 21. Bg4 {
(04:15)} Rcd8 {(04:06)} 22. Bc7 {(12:13)} Rxd1+ {(
04:02)} 23. Bxd1 {(00:28)} Re8 {(02:56)} 24. Bb3 {(00:43)}
Re2 {(01:47)} 25. Rf1 {(02:16)} Nd7 {(02:55)} 26. g3 {
(00:32)} Nf6 {(04:31)} 27. Kg2 {(04:16)} Ne4 {(01:
57)} 28. Kf3 {(03:32)} Rxf2+ {(00:39)} 29. Rxf2 {(00:06)}
Nxf2 {(00:06)} 30. Kg2 {(00:44)} Ne4 {(00:41)} 31. Bf4 {
(01:09)} Bd6 {(01:57)} 32. Bc2 {(01:58)} Bxf4 {(01:
28)} 33. Bxe4 {(00:09)} Bd6 {(00:49)} 34. g4 {(00:35)} f6
{(00:34)} 35. Kf3 {(00:24)} 1/2-1/2

[Event "42nd Olympiad Baku 2016 Women"]
[Site "Baku"]
[Date "2016.09.03"]
[Round "2.14"]
[White "Pourkashiyan, Atousa"]
[Black "Gong, Qianyun"]
[Result "1/2-1/2"]
[ECO "C09"]
[WhiteElo "2335"]
[BlackElo "2262"]
[Annotator ""]
[PlyCount "185"]
[EventDate "2016.??.??"]
[EventCountry "AZE"]
[SourceTitle "playchess.com"]
[Source "ChessBase"]
[WhiteTeam "Iran"]
[BlackTeam "Singapore"]
[WhiteTeamCountry "IRI"]
[BlackTeamCountry "SIN"]
[TimeControl "40/5400+30:1800+30"]

1. e4 {(00:00)} e6 {(00:00)} 2. d4 {(00:00)} d5 {(
00:00)} 3. Nd2 {(00:00)} c5 {(00:00)} 4. exd5 {(00:53)}
exd5 {(00:00)} 5. Ngf3 {(00:22)} Nc6 {(00:00)} 6. Bb5 {
(00:25)} Qe7+ {(00:01)} 7. Be2 {(05:11)} Nf6 {(00:
06)} 8. O-O {(00:21)} Qc7 {(00:06)} 9. Re1 {(02:19)} cxd4
{(00:36)} 10. Nb3 {(03:45)} Bb4 {(00:24)} 11. Bd2 {
(01:14)} Bxd2 {(00:07)} 12. Qxd2 {(01:13)} O-O {(
00:13)} 13. Bd3 {(25:00)} Bd7 {(09:33)} 14. Nbxd4 {(06:38]
} Rfe8 {(03:59)} 15. c3 {(04:49)} h6 {(16:54)} 16. h3 {
(16:20)} Ne4 {(05:29)} 17. Qc2 {(05:56)} Qf4 {(00:
56)} 18. Rad1 {(03:18)} Rac8 {(03:52)} 19. Nxc6 {(04:45)}
bxc6 {(01:15)} 20. Bxe4 {(02:48)} dxe4 {(00:07)} 21. Qd2 {
(01:57)} Qxd2 {(12:07)} 22. Nxd2 {(00:04)} Be6 {(
00:08)} 23. Rxe4 {(04:12)} Bxa2 {(00:36)} 24. Ra4 {(02:49]
} Be6 {(00:18)} 25. Rxa7 {(00:23)} Red8 {(00:11)} 26. Raa1
{(00:21)} Rb8 {(00:16)} 27. b4 {(00:36)} Rd3 {(12:
59)} 28. Ne4 {(00:32)} Rbd8 {(00:08)} 29. Rxd3 {(02:23)}
Rxd3 {(00:04)} 30. Rc1 {(01:01)} Bc4 {(00:35)} 31. Rc2 {
(02:37)} Rd1+ {(05:16)} 32. Kh2 {(00:01)} Rf1 {(01:
01)} 33. Nd6 {(01:31)} Be6 {(01:13)} 34. Kg3 {(01:38)} Rd1
{(00:46)} 35. Ne4 {(00:29)} f5 {(03:04)} 36. Nd2 {(
00:16)} g5 {(01:01)} 37. f4 {(00:29)} Bd5 {(00:17)} 38. c4
{(00:32)} gxf4+ {(02:54)} 39. Kf2 {(00:12)} Be4 {(
00:56)} 40. Rb2 {(00:00)} Bd3 {(00:00)} 41. Kf3 {(11:35)}
Kf7 {(02:14)} 42. Kxf4 {(04:45)} Bxc4 {(01:53)} 43. Nxc4 {
(01:37)} Rd4+ {(00:04)} 44. Kxf5 {(00:18)} Rxc4 {(
00:03)} 45. Rd2 {(03:50)} Rxb4 {(11:12)} 46. Rd7+ {(00:03]
} Ke8 {(00:18)} 47. Rd6 {(02:39)} Rb5+ {(02:16)} 48. Kf4 {
(01:32)} Rh5 {(03:00)} 49. Rxc6 {(02:36)} Kf7 {(00:
48)} 50. Rd6 {(01:00)} Kg7 {(00:50)} 51. Re6 {(00:34)} Ra5
{(00:45)} 52. g4 {(02:45)} Ra7 {(06:56)} 53. h4 {(
00:44)} Rb7 {(00:38)} 54. Kf5 {(01:40)} Ra7 {(01:13)} 55.
Rg6+ {(01:07)} Kh7 {(00:01)} 56. Rd6 {(00:56)} Rf7+ {
(02:39)} 57. Rf6 {(01:23)} Ra7 {(00:12)} 58. Re6 {(
01:12)} Rf7+ {(00:21)} 59. Rf6 {(00:42)} Ra7 {(00:02)} 60.
Rd6 {(00:18)} Rf7+ {(00:02)} 61. Ke5 {(00:33)} Kg7 {
(03:42)} 62. h5 {(00:16)} Kh7 {(00:38)} 63. Rd4 {(
00:27)} Rg7 {(01:06)} 64. Ke6 {(00:55)} Rg5 {(00:09)} 65.
Kf6 {(00:24)} Rg7 {(01:16)} 66. Re4 {(00:52)} Rg5 {
(00:06)} 67. Rd4 {(00:34)} Kh8 {(00:37)} 68. Rf4 {(
00:41)} Kh7 {(00:51)} 69. Ke6 {(00:12)} Kh8 {(00:57)} 70.
Rf8+ {(00:43)} Kg7 {(00:00)} 71. Rf4 {(00:26)} Kh7 {
(00:25)} 72. Kf6 {(00:05)} Kh8 {(00:04)} 73. Kf7 {(
00:37)} Rg7+ {(00:06)} 74. Ke6 {(00:03)} Rg5 {(00:02)} 75.
Re4 {(01:11)} Kh7 {(00:07)} 76. Kf7 {(00:12)} Rg7+ {
(00:07)} 77. Kf8 {(00:55)} Rg8+ {(00:02)} 78. Ke7 {
(00:24)} Rg7+ {(00:22)} 79. Kd6 {(00:11)} Rg5 {(00:
12)} 80. Rf4 {(00:31)} Kg7 {(00:26)} 81. Ke6 {(01:02)} Kh7
{(00:03)} 82. Rf7+ {(00:00)} Kh8 {(00:00)} 83. Rf8+ {
(00:14)} Kg7 {(00:11)} 84. Rf4 {(00:23)} Kh7 {(00:
05)} 85. Kf6 {(00:27)} Kh8 {(00:07)} 86. Ke7 {(00:28)}
Rg7+ {(00:09)} 87. Ke8 {(00:24)} Rg5 {(00:05)} 88. Kf7 {
(00:22)} Rg7+ {(00:05)} 89. Kf6 {(00:03)} Rg5 {(00:
02)} 90. Ra4 {(02:03)} Kh7 {(00:21)} 91. Ra7+ {(00:09)}
Kh8 {(00:01)} 92. Ra8+ {(00:15)} Kh7 {(00:01)} 93. Ra7+ {
(00:10)} 1/2-1/2

[Event "42nd Olympiad Baku 2016 Women"]
[Site "Baku"]
[Date "2016.09.03"]
[Round "2.24"]
[White "Pratyusha, Bodda"]
[Black "Librelato, Kathie Goulart"]
[Result "1-0"]
[ECO "E61"]
[WhiteElo "2287"]
[BlackElo "2079"]
[Annotator ""]
[PlyCount "45"]
[EventDate "2016.??.??"]
[EventCountry "AZE"]
[SourceTitle "playchess.com"]
[Source "ChessBase"]
[WhiteTeam "India"]
[BlackTeam "Brazil"]
[WhiteTeamCountry "IND"]
[BlackTeamCountry "BRA"]
[TimeControl "40/5400+30:1800+30"]

1. d4 {(00:07)} Nf6 {(00:00)} 2. c4 {(00:06)} g6 {(
00:00)} 3. Nc3 {(00:14)} Bg7 {(00:04)} 4. Nf3 {(00:16)}
O-O {(01:20)} 5. Bg5 {(00:37)} h6 {(03:02)} 6. Bh4 {
(00:10)} c5 {(00:31)} 7. d5 {(00:14)} d6 {(01:07)}
8. e3 {(00:27)} g5 {(00:59)} 9. Bg3 {(03:28)} Nh5 {
(00:25)} 10. Bd3 {(00:24)} f5 {(01:25)} 11. Nd2 {(
00:29)} Nxg3 {(13:18)} 12. hxg3 {(00:15)} e5 {(02:20)} 13.
g4 {(06:49)} e4 {(09:59)} 14. Bc2 {(03:08)} fxg4 {(
10:48)} 15. Ndxe4 {(02:03)} a6 {(06:04)} 16. Ng3 {(03:24)}
Qf6 {(09:40)} 17. O-O {(03:28)} Qf7 {(04:14)} 18. f3 {
(06:24)} Qe7 {(08:48)} 19. Qd3 {(03:22)} Be5 {(01:
09)} 20. fxg4 {(03:11)} Nd7 {(09:52)} 21. Qg6+ {(04:26)}
Qg7 {(00:31)} 22. Qe6+ {(00:41)} Rf7 {(10:40)} 23. Nh5 {
(05:28)} 1-0

[Event "42nd Olympiad Baku 2016 Women"]
[Site "Baku"]
[Date "2016.09.03"]
[Round "2.7"]
[White "Putri, Regita Desyari"]
[Black "Kaslan, Catherine"]
[Result "1-0"]
[ECO "B90"]
[WhiteElo "1623"]
[BlackElo "1665"]
[Annotator ""]
[PlyCount "119"]
[EventDate "2016.??.??"]
[EventCountry "AZE"]
[SourceTitle "playchess.com"]
[Source "ChessBase"]
[WhiteTeam "Indonesia"]
[BlackTeam "Surinam"]
[WhiteTeamCountry "INA"]
[BlackTeamCountry "SUR"]
[TimeControl "40/5400+30:1800+30"]

1. e4 {(00:00)} c5 {(00:31)} 2. Nf3 {(00:10)} d6 {(
00:38)} 3. d4 {(00:21)} cxd4 {(00:49)} 4. Nxd4 {(00:10)}
Nf6 {(00:48)} 5. Nc3 {(00:19)} a6 {(00:42)} 6. h3 {
(01:53)} e6 {(02:45)} 7. g4 {(03:53)} Be7 {(05:16)}
8. Bg2 {(03:55)} Qc7 {(02:39)} 9. O-O {(04:48)} Nc6 {
(05:59)} 10. Nde2 {(06:19)} b5 {(04:01)} 11. a3 {(
02:29)} Bb7 {(01:52)} 12. Be3 {(03:33)} Ne5 {(10:08)} 13.
b3 {(04:22)} Rd8 {(05:34)} 14. f4 {(04:56)} Nc6 {(
02:44)} 15. g5 {(13:10)} Nd7 {(04:37)} 16. Qd2 {(08:39)}
Nb6 {(06:36)} 17. f5 {(12:12)} d5 {(18:04)} 18. exd5 {
(03:56)} Nb8 {(16:38)} 19. fxe6 {(02:35)} fxe6 {(
02:41)} 20. Qd4 {(02:07)} Nxd5 {(05:53)} 21. Nxd5 {(01:14]
} Bxd5 {(00:42)} 22. Qxg7 {(02:59)} Kd7 {(00:21)} 23. Rad1
{(04:13)} Kc8 {(00:42)} 24. Bxd5 {(02:55)} exd5 {(
00:23)} 25. Rxd5 {(03:17)} Rdg8 {(00:46)} 26. Qc3 {(03:14]
} Qxc3 {(00:30)} 27. Nxc3 {(00:05)} Bxa3 {(00:28)} 28. Bd4
{(00:26)} Bb4 {(00:32)} 29. Bxh8 {(00:28)} Rxh8 {(
00:27)} 30. Ne4 {(00:23)} Rg8 {(00:36)} 31. Rf7 {(02:23)}
h6 {(00:32)} 32. Kf1 {(00:25)} hxg5 {(00:26)} 33. c3 {
(00:26)} Bf8 {(00:36)} 34. Nxg5 {(00:39)} Bh6 {(00:
20)} 35. Ne6 {(00:18)} Nc6 {(00:39)} 36. Rc7+ {(00:09)}
Kb8 {(00:33)} 37. Rxc6 {(00:09)} Kb7 {(00:24)} 38. Rc7+ {
(00:32)} Kb8 {(00:31)} 39. Rdd7 {(00:13)} Be3 {(00:
33)} 40. Ke2 {(00:00)} Re8 {(00:00)} 41. Rb7+ {(01:00)}
Ka8 {(00:59)} 42. Nc7+ {(01:00)} Kxb7 {(00:17)} 43. Nxe8+
{(00:04)} Kc8 {(00:24)} 44. Rf7 {(00:11)} Bb6 {(00:
21)} 45. h4 {(00:21)} Kd8 {(00:10)} 46. Nd6 {(00:08)} Bc5
{(00:26)} 47. Nb7+ {(00:09)} Ke8 {(00:15)} 48. Rh7 {
(00:23)} Be7 {(00:48)} 49. h5 {(00:15)} Kf8 {(00:
08)} 50. Kf3 {(00:13)} Bf6 {(00:20)} 51. c4 {(00:20)} bxc4
{(00:17)} 52. bxc4 {(00:04)} Bc3 {(00:35)} 53. c5 {
(00:19)} a5 {(00:15)} 54. c6 {(00:07)} Kg8 {(00:28]
} 55. Rd7 {(00:29)} Be5 {(00:39)} 56. Nd6 {(00:27)} a4 {
(00:48)} 57. c7 {(00:06)} Bxd6 {(00:23)} 58. c8=Q+ {
(00:17)} Bf8 {(00:10)} 59. Qe8 {(00:09)} a3 {(00:
24)} 60. Qg6+ {(00:06)} 1-0